 Dungeon Crawl Stone Soup version 0.31-a0-702-gf82c85558f (webtiles) character file.

Game seed: 17028837766122706545

342 qw the Shooter (level 6, -2/38 HPs)
             Began as a Gargoyle Hunter on Sept 7, 2023.
             Slain by an orc warrior
             ... wielding a +3 scimitar of holy wrath
              (8 damage)
             ... on level 4 of the Dungeon.
             The game lasted 00:01:07 (1882 turns).

qw the Shooter (Gargoyle Hunter)                    Turns: 1882, Time: 00:01:07

Health: -2/38      AC: 14    Str: 14    XL:     6   Next: 57%
Magic:  6/6        EV: 16    Int: 10    God:
Gold:   95         SH:  0    Dex: 15    Spells: 5/5 levels left

rFire   . . .        Y - +2 shortbow (freeze)
rCold   + + +        (shield currently unavailable)
rNeg    + . .        f - +0 ring mail
rPois   inf          g - +0 helmet
rElec   +            (no cloak)
rCorr   .            j - +0 pair of gloves
SInv    .            n - +1 pair of boots of Sashrar {Rampage rElec rC+++}
Will    +....        (no amulet)
Stlth   +            c - +5 ring of evasion
HPRegen 0.26/turn    q - ring of willpower
MPRegen 0.10/turn

%: rampage
@: no status effects
A: sickness immunity, AC +4, negative energy resistance 1, electricity
resistance, torment resistance 1, petrification resistance
a: no special abilities


You were on level 4 of the Dungeon.
You visited 2 branches of the dungeon, and saw 5 of its levels.

You collected 162 gold pieces.
You spent 67 gold pieces at shops.


Innate Abilities, Weirdness & Mutations

You are immune to sickness and miasma.
Your stone body is resilient. (AC +4)
You are immune to poison.
You resist negative energy. (rN+)
You are resistant to electric shocks. (rElec)
You are resistant to unholy torment.
You are immune to petrification.


   Skills:
 - Level 4.0 Fighting
 + Level 6.6 Ranged Weapons
 - Level 2.0 Armour
 - Level 1.5 Dodging
 - Level 1.1 Stealth


You had 5 spell levels left.
You didn't know any spells.
Your spell library was empty.

Inventory:

Hand Weapons
 Y - a +2 shortbow of freezing (weapon)
Armour
 f - a +0 ring mail (worn)
 g - a +0 helmet (worn)
 j - a +0 pair of gloves (worn)
 n - the +1 pair of boots of Sashrar (worn) {Rampage rElec rC+++}
   (You found it on level 3 of the Dungeon)

   rC+++:     It renders you almost immune to cold.
   rElec:     It insulates you from electricity.
   Rampage:   It bestows one free step when moving towards enemies.
Jewellery
 c - a +5 ring of evasion (left hand)
 q - a ring of willpower (right hand)
 s - a ring of positive energy
Scrolls
 d - 2 scrolls of identify
Potions
 a - a potion of might
 h - a potion of cancellation
 i - a potion of haste
 o - a potion of curing {unknown}
 r - a potion of degeneration {unknown}

Dungeon Overview and Level Annotations

Branches:
Dungeon (4/15)             Temple (1/1) D:4

Altars:
Ashenzari
Cheibriados
Elyvilon
Fedhas
Gozag
Hepliaklqana
Kikubaaqudgha
Makhleb
Nemelex Xobeh
Ru
Sif Muna
Wu Jian
Xom
Yredelemnul
Zin

Shops:
D:1 ?!*[(   D:3 *


Message History

The orc warrior is moderately wounded.
You shoot an arrow. The arrow hits the orc warrior.
The arrow freezes the orc warrior.
The orc warrior is heavily wounded.
You shoot an arrow.
The arrow hits the orc but does no damage.
The orc hits you but does no damage.
You shoot an arrow. The arrow closely misses the orc.
The arrow closely misses the orc warrior.
The orc closely misses you. The orc warrior misses you.
You shoot an arrow.
The arrow closely misses the orc warrior.
The orc closely misses you.
The orc warrior hits you with a +3 scimitar of holy wrath.
You shoot an arrow.
The arrow closely misses the orc warrior.
The orc hits you but does no damage. The orc warrior closely misses you.
You shoot an arrow.
The arrow barely misses the orc warrior.
The orc hits you but does no damage.
The orc warrior hits you with a +3 scimitar of holy wrath!
You shoot an arrow.
The arrow hits the orc warrior but does no damage.
The orc warrior is heavily wounded.
The orc barely misses you. The orc warrior closely misses you.
The orc closely misses you.
You shoot an arrow.
The arrow completely misses the orc warrior.
The orc warrior misses you. The orc hits you with a +0 flail.
The orc warrior hits you with a +3 scimitar of holy wrath!
You shoot an arrow.
The arrow barely misses the orc warrior.
The orc barely misses you.
The orc warrior hits you with a +3 scimitar of holy wrath.
You shoot an arrow.
The arrow hits the orc warrior but does no damage.
The orc warrior is heavily wounded.
The orc closely misses you.
The orc warrior hits you with a +3 scimitar of holy wrath!
You die...

... . .. .. .. ... .### ....
..# ...<. #.# .
......#.###########..
......o@.............
......#o#####........
........#####........
............##.##........
..#)..........[..............
.#......$......#....#########<
..........[................#
.............##...[........#.#
.#.#..##.....##.##...........#


You could see an orc warrior and an orc.

Vanquished Creatures
  A centaur (D:4)
  An orc priest (D:4)
  A hound (D:4)
  Jessica (D:2)
  An iguana (D:4)
  An orc wizard (D:3)
  4 gnolls
  3 adders
  A worm (D:2)
  5 orcs
  7 bats
  5 endoplasms
  7 giant cockroaches
  4 hobgoblins
  2 quokkas (D:3)
  4 ball pythons
  2 frilled lizards
  4 goblins
  8 kobolds
  2 rats
64 creatures vanquished.

Notes
Turn   | Place    | Note
-------+----------+-------------------------------------------
     0 | D:1      | qw the Gargoyle Hunter began the quest for the Orb.
     0 | D:1      | Reached XP level 1. HP: 12/12 MP: 1/1
     0 | D:1      | 0 ||| qw: Version: 0.3-a-76-g4403597
     0 | D:1      | 0 ||| qw: Game counter: 826
     0 | D:1      | 0 ||| qw: Melee chars always use a shield: true
     0 | D:1      | 0 ||| qw: God list: Okawaru
     0 | D:1      | 0 ||| qw: Allow faded altars: false
     0 | D:1      | 0 ||| qw: Do Orc after clearing Dungeon:15 true
     0 | D:1      | 0 ||| qw: Do second Lair branch before Depths: true
     0 | D:1      | 0 ||| qw: Lair rune preference: random
     0 | D:1      | 0 ||| qw: Goals: Normal
     0 | D:1      | 0 ||| PLANNING D:1-11
    49 | D:1      | Found Nattoc's Armour Boutique.
    60 | D:1      | 60 ||| SHOPLISTING +0 pair of boots (45 gold, have 8).
    60 | D:1      | 60 ||| SHOPLISTING +0 pair of gloves of Hangman {rF- rC++
                  | Dex+3} (283 gold, have 8).
    60 | D:1      | 60 ||| SHOPLISTING +0 ring mail (40 gold, have 8).
    60 | D:1      | 60 ||| SHOPLISTING +2 ring mail of cold resistance (210
                  | gold, have 8).
    60 | D:1      | 60 ||| SHOPLISTING +3 ring mail of fire resistance (260
                  | gold, have 8).
   121 | D:1      | Reached XP level 2. HP: 9/17 MP: 2/2
   170 | D:1      | Found Tiegi's General Store.
   175 | D:1      | Found Uruxu's Distillery.
   181 | D:1      | 181 ||| SHOPLISTING scroll of teleportation (42 gold, have
                  | 29).
   189 | D:1      | 189 ||| SHOPLISTING 2 potions of resistance (220 gold, have
                  | 29).
   189 | D:1      | 189 ||| SHOPLISTING potion of curing (33 gold, have 29).
   189 | D:1      | 189 ||| SHOPLISTING potion of enlightenment (55 gold, have
                  | 29).
   340 | D:1      | Reached skill level 5 in Ranged Weapons
   340 | D:1      | Reached XP level 3. HP: 10/21 MP: 3/3
   458 | D:1      | Found Naysut's Antique Weapon Boutique.
   466 | D:1      | 466 ||| SHOPLISTING shimmering arbalest (247 gold, have
                  | 29).
   626 | D:1      | Found Ughit's Magic Scroll Boutique.
   629 | D:1      | 629 ||| BUYING scroll of identify (24 gold).
   629 | D:1      | Bought a scroll of identify for 24 gold pieces
   629 | D:1      | 629 ||| SHOPLISTING scroll of identify (24 gold, have 5).
   629 | D:1      | 629 ||| SHOPLISTING scroll of teleportation (36 gold, have
                  | 5).
   656 | D:1      | 656 ||| UPGRADING to +0 ring mail.
   666 | D:1      | 666 ||| DROPPING +0 leather armour.
   667 | D:1      | 667 ||| UPGRADING to +0 helmet.
   672 | D:1      | 672 ||| UPGRADING to +0 pair of gloves.
   677 | D:1      | 677 ||| READING scroll labelled NECYCW DOTSAE.
   678 | D:1      | 678 ||| READING scroll labelled YJU ROOCHUFAC.
   679 | D:1      | 679 ||| READING scroll labelled DINUAF BILU.
   682 | D:1      | 682 ||| READING scroll labelled LACOFFIOQU.
   683 | D:1      | 683 ||| READING scroll labelled OSOAHE ADALAU.
   684 | D:1      | 684 ||| READING 4 scrolls of identify.
   684 | D:1      | 684 ||| IDENTIFYING fizzy dark potion
   685 | D:1      | 685 ||| READING 3 scrolls of identify.
   685 | D:1      | 685 ||| IDENTIFYING cyan potion
   686 | D:1      | 686 ||| DROPPING scroll of butterflies.
   736 | D:2      | Noticed Jessica
   739 | D:2      | Killed Jessica
   740 | D:2      | Reached XP level 4. HP: 26/26 MP: 4/4
   942 | D:2      | Reached skill level 3 in Fighting
  1109 | D:2      | 1109 ||| UPGRADING to +5 ring of evasion.
  1110 | D:2      | 1110 ||| READING 4 scrolls of identify.
  1110 | D:2      | 1110 ||| IDENTIFYING sedimented emerald potion
  1111 | D:2      | 1111 ||| READING 3 scrolls of identify.
  1111 | D:2      | 1111 ||| IDENTIFYING puce potion
  1112 | D:2      | 1112 ||| READING 2 scrolls of identify.
  1112 | D:2      | 1112 ||| IDENTIFYING fizzy amethyst potion
  1113 | D:2      | 1113 ||| DROPPING potion of lignification.
  1240 | D:3      | Found Tecroi Onku's Assorted Antiques.
  1245 | D:3      | Identified the +1 pair of boots of Sashrar {Rampage rElec
                  | rC+++}
  1252 | D:3      | 1252 ||| SHOPLISTING 3 scrolls of teleportation (207 gold,
                  | have 57).
  1252 | D:3      | 1252 ||| BUYING grey potion (20 gold).
  1252 | D:3      | Bought a grey potion for 20 gold pieces
  1252 | D:3      | 1252 ||| SHOPLISTING runed robe (85 gold, have 37).
  1252 | D:3      | 1252 ||| BUYING scroll labelled GIUSTR PUNAV (23 gold).
  1252 | D:3      | Bought a scroll labelled GIUSTR PUNAV for 23 gold pieces
  1252 | D:3      | 1252 ||| SHOPLISTING scroll of identify (46 gold, have 14).
  1252 | D:3      | 1252 ||| SHOPLISTING sharpened ivory wand (92 gold, have
                  | 14).
  1316 | D:3      | 1316 ||| FLEEEEING.
  1317 | D:3      | 1317 ||| FLEEEEING.
  1318 | D:3      | 1318 ||| FLEEEEING.
  1319 | D:3      | 1319 ||| FLEEEEING.
  1320 | D:3      | 1320 ||| FLEEEEING.
  1321 | D:3      | 1321 ||| FLEEEEING.
  1323 | D:3      | 1323 ||| FLEEEEING.
  1324 | D:3      | 1324 ||| FLEEEEING.
  1351 | D:3      | Reached XP level 5. HP: 13/32 MP: 5/5
  1675 | D:3      | 1675 ||| UPGRADING to +1 pair of boots of Sashrar {Rampage
                  | rElec rC+++}.
  1680 | D:3      | 1680 ||| UPGRADING to ring of willpower.
  1681 | D:3      | 1681 ||| READING scroll labelled GIUSTR PUNAV.
  1682 | D:3      | 1682 ||| DRINKING 2 dark potions.
  1683 | D:3      | 1683 ||| READING 3 scrolls of identify.
  1683 | D:3      | 1683 ||| IDENTIFYING fuming dark potion
  1684 | D:3      | 1684 ||| READING 2 scrolls of identify.
  1684 | D:3      | 1684 ||| IDENTIFYING metallic black potion
  1685 | D:3      | 1685 ||| DROPPING potion of magic.
  1686 | D:3      | 1686 ||| DROPPING potion of attraction.
  1687 | D:3      | 1687 ||| DROPPING potion of brilliance.
  1716 | D:4      | Found a staircase to the Ecumenical Temple.
  1717 | D:4      | 1717 ||| PLANNING TEMPLE
  1728 | Temple   | Entered the Ecumenical Temple
  1729 | Temple   | 1729 ||| PLANNING D:1-11
  1768 | D:4      | Noticed a centaur
  1771 | D:4      | Noticed an orc warrior
  1772 | D:4      | 1772 ||| RETREATING.
  1783 | D:4      | 1783 ||| Stepping ~*~*~tactically~*~*~ (retreating).
  1785 | D:4      | Killed a centaur
  1786 | D:4      | Reached skill level 6 in Ranged Weapons
  1786 | D:4      | Reached XP level 6. HP: 32/37 MP: 6/6
  1791 | D:4      | HP: 6/37 [orc warrior/+3 scimitar of holy wrath (5)]
  1792 | D:4      | 1792 ||| READING scroll of teleportation.
  1793 | D:4      | 1793 ||| DRINKING potion of heal wounds.
  1798 | D:4      | 1798 ||| Stepping ~*~*~tactically~*~*~ (water).
  1847 | D:4      | 1847 ||| READING scroll of enchant weapon.
  1847 | D:4      | 1847 ||| ENCHANTING +1 shortbow of freezing.
  1880 | D:4      | HP: 7/38 [orc warrior/+3 scimitar of holy wrath (15)]
  1882 | D:4      | Slain by an orc warrior

Levels and vault maps discovered:
D:1:      lemuel_arrival_behind_the_door_small, layout_basic, serial_shops,
          nicolae_shop_dealshenge, nicolae_shop_tiny_statue_garden, shop,
          nicolae_shop_gibbet_a_chance, nicolae_shop_tiny_real_fake_doors,
          minmay_misc_feat_secret_circle
D:2:      layout_rooms, minmay_door_square, uniq_jessica
D:3:      layout_basic, serial_shops, shop
D:4:      layout_rooms, minmay_temple_entry_water_ring, uniq_ijyb,
          uniq_crazy_yiuf_cottage, uniq_eustachio, uniq_edmund
Temple:   bh_familiar_temple

Skill      XL: |  1  2  3  4  5  6 |
---------------+-------------------+-----
Ranged Weapons | 5 6 |  6.6
Armour         | 2 |  2.0
Fighting       | 3 4 |  4.0
Dodging        | |  1.5
Stealth        | |  1.1

Action                     |  1- 3 |  4- 6 || total
---------------------------+-------+-------++-------
   Fire: Shortbow          |    72 |   150 ||   222
    Use: Scroll            |     7 |     8 ||    15
         Potion            |       |     2 ||     2
 Armour: Leather armour    |    17 |       ||    17
         Ring mail         |       |    56 ||    56
  Dodge: Dodged            |    18 |    64 ||    82

Table legend:
 A = Non-vault XP
 B = Vault XP
 C = Vault XP percentage of total XP
 D = Non-vault monster count
 E = Vault monster count
 F = Vault count percentage of total count
                 A         B        C        D         E       F
            +---------+---------+-------+---------+---------+-------
      Total |     452 |      37 |   7.6 |      63 |       1 |   1.6
            +---------+---------+-------+---------+---------+-------
        D:1 |      44 |       0 |   0.0 |      20 |       0 |   0.0
        D:2 |      44 |      37 |  45.7 |      11 |       1 |   8.3
        D:3 |     107 |       0 |   0.0 |      19 |       0 |   0.0
        D:4 |     257 |       0 |   0.0 |      13 |       0 |   0.0
            +---------+---------+-------+---------+---------+-------
